Map: Reclamation LE

Players

Woodlord

  • Race: Protoss Protoss
  • Spawn Location: 6:00

WreakinHavoc

  • Race: Protoss Protoss
  • Spawn Location: 5:00

Alebay - Winner!

  • Race: Protoss Protoss
  • Spawn Location: 12:00

MattBarry - Winner!

  • Race: Zerg Zerg
  • League: Gold
  • Spawn Location: 11:00

VOD

Have the link to the VOD?

Description

Time

  • Played on: Feb. 14, 2023, 9:25 p.m.
  • Length: 9:46
Show
View Real Time Build Order
Export as new Build Order

Woodlord Protoss 

Build Orders: Cannon Rush 

Get SALT Encoding   

  12  0:04  Probe (Chrono Boost)  
  13  0:17  Probe (Chrono Boost)  
  14  0:22  Probe (Chrono Boost)  
  15  0:30  Pylon  
  15  0:36  Pylon  
  15  0:47  Pylon  
  15  0:48  Probe  
  16  1:00  Pylon, Probe  
  17  1:12  Forge, Probe  
  18  1:20  Assimilator  
  18  1:25  Probe (Chrono Boost)  
  19  1:36  Probe (Chrono Boost)  
  20  1:47  Photon Cannon  
  20  1:52  Photon Cannon  
  20  1:55  Photon Cannon  
  20  2:05  Photon Cannon  
  20  2:15  Photon Cannon  
  20  2:27  Probe  
  21  2:31  Assimilator  
  21  2:39  Probe (Chrono Boost)  
  22  2:48  Photon Cannon  
  22  2:50  Probe (Chrono Boost)  
  23  2:52  Photon Cannon  
  23  3:03  Photon Cannon  
  23  3:13  Photon Cannon  
  23  3:27  Probe (Chrono Boost)  
  24  3:39  Probe (Chrono Boost)  
  25  3:43  Probe (Chrono Boost)  
  26  4:16  Photon Cannon  
  26  4:25  Photon Cannon  
  26  4:49  Nexus  
  26  4:52  Assimilator  
  26  5:10  Probe (Chrono Boost)  
  27  5:21  Probe (Chrono Boost)  
  28  5:23  Assimilator  
  28  5:25  Probe (Chrono Boost)  
  29  5:36  Probe (Chrono Boost)  
  29  5:38  Assimilator  
  30  5:48  Probe (Chrono Boost)  
  31  5:55  Probe (Chrono Boost)  
  32  6:03  Probe  
  33  6:15  Probe (Chrono Boost)  
  34  6:22  Probe (Chrono Boost)  
  37  6:33  Probe x2 (Chrono Boost)  
  37  6:38  Probe (Chrono Boost)  
  37  6:39  Probe (Chrono Boost)  
  39  6:48  Probe  
  40  7:01  Probe  
  33  7:27  Probe (Chrono Boost)  
  28  7:37  Probe (Chrono Boost)  
  28  7:42  Probe (Chrono Boost)  
  14  7:46  Assimilator  
  9  7:53  Probe  
  10  8:05  Probe  
Show
View Real Time Build Order
Export as new Build Order

WreakinHavoc Protoss 

Build Orders: Oracle Opening, Carriers, Carrier Rush 

Get SALT Encoding   

  12  0:01  Probe (Chrono Boost)  
  13  0:11  Probe (Chrono Boost)  
  14  0:16  Probe (Chrono Boost)  
  15  0:23  Pylon  
  15  0:29  Assimilator  
  15  0:47  Gateway  
  15  0:53  Forge  
  15  0:55  Probe (Chrono Boost)  
  16  1:07  Probe (Chrono Boost)  
  17  1:14  Assimilator  
  17  1:16  Probe (Chrono Boost)  
  18  1:21  Probe  
  19  1:33  Probe  
  19  1:35  Cybernetics Core  
  20  1:46  Probe  
  21  1:51  Pylon  
  21  1:58  Pylon, Probe  
  22  2:10  Probe  
  22  2:15  Stargate  
  23  2:21  Photon Cannon  
  23  2:31  Photon Cannon  
  23  2:54  Pylon  
  23  2:58  Pylon  
  23  2:59  Oracle (Chrono Boost)  
  26  3:18  Fleet Beacon  
  26  3:25  Shield Battery  
  26  3:31  Shield Battery  
  26  3:40  Shield Battery  
  26  3:58  Stargate  
  26  4:00  Pylon  
  26  4:07  Shield Battery  
  32  4:25  Carrier (Chrono Boost)  
  32  4:40  Carrier (Chrono Boost)  
  38  4:47  Protoss Shields Level 1  
  38  4:50  Protoss Air Weapons Level 1  
  38  5:01  Mothership (Chrono Boost)  
  46  5:14  Stargate  
  46  5:19  Stargate  
  46  5:25  Cybernetics Core  
  46  5:49  Nexus  
  46  5:58  Shield Battery  
  46  6:04  Pylon  
  46  6:10  Pylon  
  43  6:33  Twilight Council  
  43  6:36  Pylon, Protoss Air Armor Level 1 (Chrono Boost)  
  43  6:46  Pylon  
  37  6:58  Carrier x2  
  43  7:07  Photon Cannon  
  43  7:13  Shield Battery  
  42  7:18  Pylon  
  42  7:22  Carrier x2  
  54  7:33  Photon Cannon  
  54  7:55  Stargate  
  45  8:28  Pylon  
  45  8:32  Pylon  
  35  8:38  Photon Cannon  
  34  8:50  Photon Cannon  
  20  8:58  Shield Battery  
Show
View Real Time Build Order
Export as new Build Order

Alebay Protoss - Winner!

Build Orders: 1 Gate Expand, Blink Stalkers 

Get SALT Encoding   

  12  0:00  Probe  
  13  0:12  Probe  
  14  0:17  Pylon  
  14  0:24  Probe  
  15  0:36  Probe  
  15  0:38  Gateway  
  16  0:44  Assimilator  
  16  0:48  Probe  
  17  1:01  Probe  
  18  1:13  Probe  
  19  1:25  Probe  
  20  1:26  Cybernetics Core  
  20  1:34  Nexus  
  20  1:37  Probe  
  21  1:45  Assimilator  
  21  1:50  Probe  
  22  1:54  Pylon  
  22  1:57  Warp Gate (Chrono Boost)  
  22  2:02  Probe  
  23  2:12  Adept  
  23  2:14  Probe  
  26  2:20  Gateway  
  26  2:26  Probe  
  27  2:39  Probe  
  27  2:42  Stalker  
  30  2:46  Probe  
  31  2:52  Twilight Council  
  31  2:53  Probe  
  32  2:58  Probe  
  32  3:04  Gateway  
  33  3:05  Probe  
  33  3:11  Probe  
  35  3:18  Probe  
  36  3:22  Blink (Chrono Boost)  
  36  3:23  Pylon, Probe  
  37  3:29  Gateway  
  37  3:32  Probe  
  38  3:35  Probe  
  39  3:44  Probe  
  39  3:47  Probe  
  41  3:48  Forge  
  41  3:52  Gateway  
  41  3:56  Probe  
  41  3:59  Assimilator, Probe  
  43  4:03  Stalker  
  43  4:08  Probe  
  46  4:11  Probe  
  46  4:12  Stalker  
  49  4:19  Stalker  
  49  4:22  Probe  
  49  4:23  Probe  
  53  4:25  Assimilator  
  47  4:41  Stalker x3  
  47  4:43  Probe  
  54  4:49  Protoss Ground Weapons Level 1 (Chrono Boost)  
  54  5:02  Pylon  
  54  5:04  Pylon  
  54  5:12  Pylon  
  54  5:20  Probe x2  
  56  5:22  Stalker x4  
  64  5:32  Shield Battery  
  64  5:33  Probe  
  64  5:35  Photon Cannon  
  65  5:39  Pylon  
  65  5:45  Stalker x2  
  69  5:58  Pylon  
  69  6:00  Pylon, Stalker  
  69  6:01  Stalker  
  73  6:22  Stalker x3  
  67  7:13  Stalker x5  
  75  7:54  Nexus  
  75  7:56  Pylon  
  75  7:58  Pylon  
  75  8:00  Stalker x4  
  75  8:01  Stalker  
  85  8:07  Gateway  
  85  8:09  Gateway  
  85  8:11  Gateway  
  83  8:13  Gateway  
  79  8:30  Stalker x5  
  71  8:57  Stalker x5  
  65  9:11  Probe (Chrono Boost)  
  65  9:12  Probe (Chrono Boost)  
  65  9:13  Probe (Chrono Boost)  
  64  9:21  Probe (Chrono Boost)  
  64  9:23  Probe x2 (Chrono Boost)  
  67  9:30  Probe x2 (Chrono Boost)  
  65  9:32  Probe  
  65  9:36  Assimilator  
  65  9:38  Assimilator  
Show
View Real Time Build Order
Export as new Build Order

MattBarry Zerg - Winner!

Build Orders: Pool First 

Get SALT Encoding   

  12  0:00  Drone  
  13  0:11  Drone  
  14  0:26  Spawning Pool  
  13  0:32  Drone, Extractor  
  13  0:36  Drone  
  14  0:47  Extractor  
  14  0:48  Drone  
  15  0:50  Overlord  
  15  1:13  Queen  
  15  1:15  Zergling x4  
  19  1:19  Zergling x2  
  20  1:41  Drone x2  
  20  1:43  Metabolic Boost  
  22  2:01  Hatchery  
  22  2:06  Drone  
  22  2:13  Extractor  
  21  2:16  Evolution Chamber  
  21  2:18  Zergling x4  
  23  2:26  Overlord  
  23  2:45  Zergling x6  
  26  2:52  Drone  
  25  3:09  Drone x3  
  28  3:13  Queen  
  30  3:23  Extractor  
  30  3:26  Drone x4  
  30  3:27  Drone  
  33  3:38  Roach Warren  
  32  4:04  Drone x2  
  32  4:05  Overlord  
  34  4:21  Overlord  
  34  4:23  Overlord  
  34  4:26  Spore Crawler, Extractor  
  34  4:27  Extractor  
  34  4:30  Zergling x2  
  32  4:33  Roach x5  
  32  4:35  Overlord  
  43  4:42  Spore Crawler  
  43  4:43  Spore Crawler  
  41  4:57  Roach  
  41  4:58  Roach x3  
  49  5:21  Drone  
  50  5:22  Roach x3  
  50  5:24  Drone x3  
  50  5:25  Drone  
  60  5:51  Zerg Missile Weapons Level 1  
  60  5:52  Drone x4  
  60  5:53  Roach  
  60  5:54  Overlord  
  66  6:17  Drone x6  
  68  6:53  Roach x4  
  75  6:55  Overlord x2  
  75  7:02  Lair  
  75  7:03  Drone  
  76  7:14  Spore Crawler  
  75  7:17  Hatchery  
  75  7:19  Evolution Chamber, Drone  
  75  7:20  Roach x4  
  75  7:21  Hatchery  
  80  7:46  Zerg Ground Armor Level 1  
  80  7:56  Zergling x4  
  80  7:57  Zergling x8  
  86  8:14  Drone  
  86  8:15  Drone  
  86  8:18  Hatchery  
  87  8:22  Hydralisk Den  
  86  8:31  Infestation Pit  
  79  9:12  Spire  
  79  9:31  Extractor  
  80  9:44  Extractor  
  80  9:45  Extractor  
Tags
 
Add a new tag
Caveats
  • Supply blocks, unpowered buildings, or Contaminate may cause inaccurate times.
  • Supply counts are checked every 10 seconds.